 Dungeon Sprint DCSS version 0.18-a0-1784-ga939a68 (webtiles) character file.

1901 Kidiri the Covert (level 8, -5/42 HPs)
             Began as a Spriggan Enchanter on Apr 18, 2016.
             Was a Believer of Dithmenos.
             Slain by a yaktaur (19 damage)
             ... in the Dungeon (Sprint II: "The Violet Keep of Menkaure").
             The game lasted 00:05:38 (464 turns).

Kidiri the Covert (Spriggan Enchanter)               Turns: 464, Time: 00:05:38

Health: -5/42      AC:  3    Str:  4    XL:     8   Next: 94%
Magic:  1/22       EV: 28    Int: 17    God:    Dithmenos [**....]
Gold:   328        SH:  0    Dex: 18    Spells: 7 memorised, 3 levels left

rFire  + . .     SeeInvis +     n - +2 rapier (venom)
rCold  . . .     Gourm    .     m - +1 robe {rF+}
rNeg   . . .     Faith    .     (shield restricted)
rPois  .         Spirit   .     (helmet restricted)
rElec  .         Dismiss  .     (no cloak)
rCorr  .         Reflect  .     (gloves unavailable)
SustAt .         Harm     .     (boots unavailable)
MR     +....     NoTele   +     (no amulet)
Stlth  ++++++++..               (no ring)
                                (no ring)

@: wreathed by umbra, very quick, somewhat resistant to hostile enchantments,
extraordinarily stealthy
A: unfitting armour, see invisible, herbivore 3, speed 3, slow metabolism 2
a: Shadow Step, Renounce Religion


You were in the Dungeon.
You worshipped Dithmenos.
Dithmenos was pleased with you.
You were not hungry.

You visited 1 branch You collected 972 gold pieces.
You spent 644 gold pieces at shops.

Inventory:

Hand Weapons
 a - a +1 dagger
 l - a +0 short sword of electrocution
 n - a +2 rapier of venom (weapon)
Armour
 b - a +1 robe
 m - a +1 robe of fire resistance (worn)
Potions
 e - a potion of curing
 g - a potion of haste
 h - 2 potions of magic
 i - a potion of berserk rage
Books
 c - a book of Maledictions

   Spells                             Type                      Level
   a - Corona                         Hexes                        1
   b - Ensorcelled Hibernation        Hexes/Ice                    2
   c - Confuse                        Hexes                        3
   d - Tukima's Dance                 Hexes                        3
   e - Dazzling Spray                 Conjuration/Hexes            3
 k - a book of Power

   Spells                             Type                      Level
   a - Fulminant Prism                Conjuration/Hexes            4
   b - Iskenderun's Mystic Blast      Conjuration                  4
   c - Venom Bolt                     Conjuration/Poison           5
   d - Bolt of Magma                  Conjuration/Fire/Earth       5
   e - Iron Shot                      Conjuration/Earth            6
   f - Orb of Destruction             Conjuration                  7
   g - Spellforged Servitor           Conjuration/Summoning        7
Comestibles
 d - a bread ration


   Skills:
 + Level 4.4 Fighting
 * Level 8.7 Short Blades
 + Level 4.0 Armour
 * Level 11.6 Dodging
 * Level 12.5 Stealth
 * Level 9.9 Spellcasting
 + Level 3.5 Conjurations
 + Level 7.6 Hexes
 + Level 4.2 Ice Magic
 + Level 1.5 Earth Magic
 + Level 1.9 Poison Magic
 + Level 1.4 Invocations


You had 3 spell levels left.
You knew the following spells:

 Your Spells              Type           Power        Failure   Level  Hunger
a - Corona                Hex            ####...      1%          1    None
b - Ensorcelled Hibernat  Hex/Ice        ####..       1%          2    None
c - Confuse               Hex            ####....     1%          3    None
d - Tukima's Dance        Hex            ####....     1%          3    None
e - Dazzling Spray        Conj/Hex       ####....     2%          3    None
f - Venom Bolt            Conj/Pois      ###.......   82%         5    #####..
g - Iron Shot             Conj/Erth      ###.......   100%        6    ######.


Dungeon Overview and Level Annotations

Branches:
Dungeon (1/1)

Altars:
Cheibriados
Dithmenos
Elyvilon
Fedhas
Gozag
Kikubaaqudgha
Makhleb
Nemelex Xobeh
Okawaru
Pakellas
Qazlal
Ru
Sif Muna
Trog
Vehumet
Xom
Yredelemnul
Zin
The Shining One
Beogh
Jiyva
Lugonu

Shops:
D ==:[(![(?(}=[%!:

Annotations:
D exclusion: oklob plant, Roxanne


Innate Abilities, Weirdness & Mutations

You are tiny and cannot use many weapons and most armour.
You have supernaturally acute eyesight.
You are a herbivore.
You cover ground extremely quickly.
You need consume almost no food.


Message History

The polar bear barely misses the yaktaur. x2
Unknown command.
You hit the yaktaur but do no damage.
The yaktaur is poisoned.
The yaktaur is moderately wounded.
The yaktaur hits you!
* * * LOW HITPOINT WARNING * * *
The polar bear completely misses you. x2; The polar bear closely misses you.
Unknown command.
Drink which item? (? for menu, Esc to quit)
You feel much better. The yaktaur completely misses you.
Unknown command.
You hit the yaktaur.
The yaktaur looks even sicker.
The yaktaur is moderately wounded.
The yaktaur hits you.
Unknown command.
You catch the helpless polar bear completely off-guard!
You impale the polar bear!!
The polar bear looks even sicker.
The polar bear is severely wounded.
The yaktaur hits you!!
You die...

S§ +++## ....# ##..# #. .##.####
+.### )▓($$)?$?)▓▓ #%#....#
...####▓()=?[![(▓▓ #####..##
#..##$#▓($!$!?[)▓▓ ###.##..#
+..#h.#▓($!$$?[(▓▓ ##.#.#..#
#..#c@#▓%$$(?[$$▓▓
.'###'..####..##.#▓!(?)$$[?▓▓
##.#.#§..§###...##▓▓▓▓▓▓▓+▓▓▓▓+▓
###.##..§...≈≈≈(≈≈≈≈≈≈≈≈≈.─wXw≈▓
.####≈≈.....≈#'########+###Vw≈≈▓
..#≈§≈≈≈≈§..≈#(.._._..#§§≈# ≈≈▓
.##≈≈≈≈≈§≈§.≈#.._._._.#§§§§# ▓
##≈≈≈≈§≈§≈≈≈≈#._._._..#≈§§≈§
≈≈≈≈≈≈≈≈≈≈≈≈≈#_._._._.#≈≈§≈§§


You could see a polar bear (confused) and a yaktaur.

Vanquished Creatures
  A siren (D)
  2 polar bears (D)
  A blink frog (D)
  2 boulder beetles (D)
  2 hippogriffs (D)
  Menkaure (D)
  A wasp (D)
  3 crocodiles (D)
  3 worms (D)
16 creatures vanquished.

Vanquished Creatures (others)
  A crocodile (D)
  4 tentacles (D)
  23 tentacle segments (D)
28 creatures vanquished.

Grand Total: 44 creatures vanquished

Notes
Turn   | Place    | Note
--------------------------------------------------------------
     0 | D        | Kidiri the Spriggan Enchanter began the quest for the Orb.
     0 | D        | Reached XP level 1. HP: 9/9 MP: 5/5
     6 | D        | Reached skill level 5 in Stealth
    11 | D        | Noticed a lava snake
    12 | D        | Noticed a lava snake
    14 | D        | Reached XP level 2. HP: 14/14 MP: 7/7
    16 | D        | Killed a crocodile
    30 | D        | Learned a level 2 spell: Ensorcelled Hibernation
    31 | D        | Noticed a hippogriff
    31 | D        | Noticed a hippogriff
    36 | D        | Killed a hippogriff
    36 | D        | Reached skill level 7 in Stealth
    36 | D        | Reached skill level 5 in Spellcasting
    36 | D        | Reached skill level 5 in Hexes
    36 | D        | Reached skill level 1 in Ice Magic
    36 | D        | Reached XP level 3. HP: 15/18 MP: 6/11
    36 | D        | Reached XP level 4. HP: 19/23 MP: 6/12
    36 | D        | Reached XP level 5. HP: 22/26 MP: 7/14
    41 | D        | Learned a level 3 spell: Confuse
    45 | D        | Learned a level 3 spell: Tukima's Dance
    49 | D        | Learned a level 3 spell: Dazzling Spray
    86 | D        | Killed a hippogriff
    86 | D        | Reached skill level 5 in Short Blades
    86 | D        | Reached skill level 8 in Stealth
    86 | D        | Reached skill level 1 in Conjurations
    86 | D        | Reached XP level 6. HP: 32/32 MP: 13/16
   105 | D        | Noticed a siren
   108 | D        | Killed a siren
   108 | D        | Reached skill level 10 in Stealth
   108 | D        | Reached XP level 7. HP: 36/36 MP: 16/19
   118 | D        | Noticed a boulder beetle
   118 | D        | Noticed a boulder beetle
   124 | D        | Killed a boulder beetle
   124 | D        | Reached skill level 10 in Dodging
   124 | D        | Reached skill level 11 in Stealth
   132 | D        | Killed a boulder beetle
   132 | D        | Reached XP level 8. HP: 42/42 MP: 15/21
   146 | D        | Noticed Roxanne
   149 | D        | Found Qinouk's Book Emporium.
   150 | D        | Found Mounloha's Food Shoppe.
   151 | D        | Found Siclyfugh's Jewellery Emporium.
   152 | D        | Found Suonuare's Antique Weapon Shoppe.
   153 | D        | Noticed a blink frog
   158 | D        | Killed a blink frog
   159 | D        | Found Nuonaong's Magic Scroll Shoppe.
   159 | D        | Found Nienkosch's Antique Armour Emporium.
   161 | D        | Found Diptoep's Antique Armour Shoppe.
   161 | D        | Found Idyad's Distillery.
   161 | D        | Found Xiowk's Distillery.
   161 | D        | Found Gyeroly's Gadget Shoppe.
   161 | D        | Found Fuyna Dio's Antique Weapon Emporium.
   165 | D        | Found Ziolugh's Antique Weapon Shoppe.
   165 | D        | Found Oddab's Antique Armour Emporium.
   165 | D        | Noticed an oklob plant
   201 | D        | Noticed an unseen horror
   201 | D        | Noticed an unseen horror
   202 | D        | Found Kies's Jewellery Shoppe.
   202 | D        | Found Cost's Jewellery Emporium.
   202 | D        | Found Qyess's Book Shoppe.
   203 | D        | Bought a book of Power for 450 gold pieces
   209 | D        | Learned a level 5 spell: Venom Bolt
   216 | D        | Learned a level 6 spell: Iron Shot
   225 | D        | Bought a glowing short sword for 81 gold pieces
   230 | D        | Bought a glowing robe for 13 gold pieces
   242 | D        | Noticed a flying skull
   243 | D        | Bought a runed rapier for 100 gold pieces
   294 | D        | Found a roughly hewn altar of Beogh.
   295 | D        | Found a sacrificial altar of Ru.
   295 | D        | Found a stormy altar of Qazlal.
   296 | D        | Found a sparkling altar of Nemelex Xobeh.
   296 | D        | Found a radiant altar of Vehumet.
   297 | D        | Found an ancient bone altar of Kikubaaqudgha.
   297 | D        | Found a shimmering altar of Xom.
   297 | D        | Found an oddly glowing altar of Pakellas.
   297 | D        | Found a viscous altar of Jiyva.
   297 | D        | Found an opulent altar of Gozag.
   298 | D        | Found a deep blue altar of Sif Muna.
   298 | D        | Found a basalt altar of Yredelemnul.
   298 | D        | Found a burning altar of Makhleb.
   299 | D        | Found a snail-covered altar of Cheibriados.
   299 | D        | Found a white marble altar of Elyvilon.
   299 | D        | Found a glowing golden altar of the Shining One.
   300 | D        | Found a blossoming altar of Fedhas.
   300 | D        | Found a shadowy altar of Dithmenos.
   304 | D        | Found an iron altar of Okawaru.
   304 | D        | Found a corrupted altar of Lugonu.
   305 | D        | Found a glowing silver altar of Zin.
   305 | D        | Found a bloodstained altar of Trog.
   306 | D        | Noticed Menkaure
   312 | D        | Became a worshipper of Dithmenos the Shadowed
   327 | D        | Reached skill level 12 in Stealth
   329 | D        | Killed Menkaure
   332 | D        | Reached * piety under Dithmenos
   335 | D        | Noticed a kraken
   441 | D        | Noticed a yaktaur
   441 | D        | Noticed a polar bear
   442 | D        | Noticed a polar bear
   442 | D        | Noticed a polar bear
   446 | D        | Killed a polar bear
   446 | D        | Reached skill level 1 in Earth Magic
   446 | D        | Reached skill level 1 in Poison Magic
   446 | D        | Reached skill level 1 in Invocations
   448 | D        | Killed a polar bear
   451 | D        | Reached ** piety under Dithmenos
   464 | D        | Slain by a yaktaur

Vault maps used:
D:        the_violet_keep_of_menkaure

Skill      XL: |  1  2  3  4  5  6  7  8 |
---------------+-------------------------+-----
Spellcasting   | 3 5 6 8 9 |  9.9
Stealth        | 5 7 8 10 11 12 | 12.5
Hexes          | 4 5 6 7 |  7.6
Short Blades   | 2 4 5 6 7 8 |  8.7
Dodging        | 4 6 8 9 10 11 | 11.6
Fighting       | 2 3 4 |  4.4
Armour         | 2 3 4 |  4.0
Ice Magic      | 1 2 3 4 |  4.2
Conjurations   | 1 2 3 |  3.5
Earth Magic    | 1 |  1.5
Poison Magic   | 1 |  1.9
Invocations    | 1 |  1.4

Action                   |  1- 3 |  4- 6 |  7- 9 || total
-------------------------+-------+-------+-------++-------
Melee: Dagger            |     5 |     2 |     8 ||    15
       Rapier            |       |       |    12 ||    12
 Cast: Ensorcelled Hiber |     1 |       |     7 ||     8
       Dazzling Spray    |       |       |     3 ||     3
       Confuse           |       |       |     6 ||     6
  Use: Scroll            |       |       |     1 ||     1
       Potion            |       |       |     1 ||     1
 Stab: Sleeping          |     5 |     2 |     7 ||    14
       Invisible         |       |       |     1 ||     1
       Confused          |       |       |     4 ||     4
Armor: Robe              |       |       |     1 ||     1
Dodge: Dodged            |     2 |       |    17 ||    19
